 Dungeon Crawl Stone Soup version 0.28-a0-1629-gf728b707aa (webtiles) character file.

Game seed: 16504687377650475961

1463 bande the Chopper (level 8, -1/49 HPs)
             Began as a Gargoyle Fighter on Jan 25, 2022.
             Was a Priest of Okawaru.
             Slain by a steam dragon (7 damage)
             ... on level 6 of the Dungeon.
             The game lasted 00:10:55 (6242 turns).

bande the Chopper (Gargoyle Fighter)                Turns: 6242, Time: 00:10:55

Health: -1/49      AC: 17    Str: 28    XL:     8   Next: 77%
Magic:  11/11      EV:  8    Int:  9    God:    Okawaru [***...]
Gold:   376        SH: 11    Dex: 11    Spells: 7/7 levels left

rFire   . . .      SeeInvis .   m - +1 hand axe of the Traitor {freeze, Str+2}
rCold   . . .      Faith    .   c - +1 buckler
rNeg    + . .      Spirit   .   e - +0 chain mail
rPois   ∞          Reflect  +   (no helmet)
rElec   +          Harm     .   (no cloak)
rCorr   .          Rampage  .   (no gloves)
Will    .....      Clarity  +   i - +0 pair of boots
Stlth   ..........              n - amulet of reflection
HPRegen 0.16/turn               b - +6 ring of strength
MPRegen 0.12/turn               (no ring)

@: no status effects
A: sickness immunity, AC +5, negative energy resistance 1, electricity
resistance, torment resistance 1, petrification resistance, clarity, mutation
resistance 1, MP-powered wands
a: Renounce Religion, Heroism


You were on level 6 of the Dungeon.
You worshipped Okawaru.
Okawaru was most pleased with you.
You visited 2 branches of the dungeon, and saw 7 of its levels.

You collected 376 gold pieces.

Inventory:

Hand Weapons
 a - a +1 war axe
 m - the +1 hand axe of the Traitor (weapon) {freeze, Str+2}
   (You found it on level 4 of the Dungeon)

   It freezes those it strikes, dealing additional cold damage.
   It can also slow down cold-blooded creatures.
   Str:       It affects your strength (+2).
 p - a +0 war axe
 u - a +2 mace of protection
Armour
 c - a +1 buckler (worn)
 e - a +0 chain mail (worn)
 i - a +0 pair of boots (worn)
Jewellery
 b - a +6 ring of strength (left hand)
 l - the amulet of Otyfatur {RegenMP rPois rF- Str+7 SInv}
   (You found it on level 4 of the Dungeon)

   [amulet of magic regeneration]

   It increases your rate of magic regeneration.
   Str:       It affects your strength (+7).
   rF:        It makes you vulnerable to fire.
   rPois:     It protects you from poison.
   SInv:      It lets you see invisible.
 n - an amulet of reflection (around neck)
 o - a ring of willpower
Wands
 q - a wand of flame (30)
Scrolls
 h - 4 scrolls of fear
 t - 2 scrolls of blinking
Potions
 d - a potion of might
 f - a potion of resistance
 k - a potion of haste
 r - a potion of lignification {unknown}
 s - a potion of curing {unknown}


   Skills:
 + Level 5.3 Fighting
 + Level 6.1 Axes
 + Level 5.9 Armour
 + Level 5.6 Shields
 * Level 4.2 Invocations


You had 7 spell levels left.
You didn't know any spells.
Your spell library contained the following spells:

 Spells                   Type           Power      Damage    Failure   Level
 Dazzling Flash           Conj/Hex       0%         N/A       100%        3
 Agony                    Necr           0%         N/A       100%        5
 Silence                  Hex/Air        0%         N/A       100%        5
 Summon Small Mammal      Summ           Unusable   N/A       N/A         1
 Call Canine Familiar     Summ           Unusable   N/A       N/A         3
 Summon Guardian Golem    Hex/Summ       Unusable   N/A       N/A         3

Dungeon Overview and Level Annotations

Branches:
Dungeon (6/15)             Temple (1/1) D:4

Altars:
Ashenzari
Cheibriados
Elyvilon
Gozag
Hepliaklqana
Kikubaaqudgha
Makhleb
Nemelex Xobeh
Okawaru
Qazlal
Ru
Sif Muna
Uskayaw
Vehumet
Wu Jian
Xom
Yredelemnul
Zin
The Shining One


Innate Abilities, Weirdness & Mutations

You are immune to sickness and miasma.
Your stone body is resilient. (AC +5)
You are immune to poison.
You resist negative energy. (rN+)
You are resistant to electric shocks. (rElec)
You are resistant to unholy torment.
You are immune to petrification.
You possess an exceptional clarity of mind.
You are somewhat resistant to further mutation.
You expend magic power (3 MP) to strengthen your wands.


Message History

You hit the steam dragon. You freeze the steam dragon.
The steam dragon is severely wounded.
The steam dragon breathes steam at you. The ball of steam hits you.
* * * LOW HITPOINT WARNING * * *
You closely miss the steam dragon.
The steam dragon is severely wounded.
You are engulfed in a cloud of scalding steam.
The steam dragon barely misses you. You block the steam dragon's attack.
You are confused.
You feel invigorated.
You are engulfed in a cloud of scalding steam.
The steam dragon closely misses you. The steam dragon claws you.
* * * LOW HITPOINT WARNING * * *
You hit the steam dragon. You freeze the steam dragon.
The steam dragon is almost dead.
You are engulfed in a cloud of scalding steam.
The steam dragon bites you.
* * * LOW HITPOINT WARNING * * *
The steam dragon claws you but does no damage.
You're too confused to move!
The steam dragon bites you.
* * * LOW HITPOINT WARNING * * *
The steam dragon completely misses you.
A water moccasin comes into view.
You bump into the rock wall.
The steam dragon breathes steam at you. The ball of steam hits you!
* * * LOW HITPOINT WARNING * * *
Unknown command.
You bump into the rock wall.
You are engulfed in a cloud of scalding steam.
You feel less invigorated.
You feel less confused. You block the steam dragon's attack. x2
Unknown command.
You hit the steam dragon but do no damage.
The steam dragon is almost dead.
You are engulfed in a cloud of scalding steam.
The steam dragon bites you!
You die...

.# #.###
.... ###.###
# #.....#
#.####.....#
#SD@§.§§...#
######.....#
#.....#
###.#.#
#.#.####
#....).#
#..###.#
#..# .#
##.###.###


You could see a steam dragon (catching breath) and a water moccasin.

Vanquished Creatures
  The ghost of cyrus the Slasher, a novice NaBe of Trog (D:4)
  An ice beast (D:6)
  A necrophage (D:5)
  An ogre (D:5)
  A scorpion (D:4)
  A water moccasin skeleton (D:5)
  A wyvern skeleton (D:5)
  A bullfrog zombie (D:5)
  3 hounds (D:5)
  An iron imp (D:4)
  2 bullfrog skeletons
  2 orc priests
  Jessica (D:2)
  4 iguanas (D:5)
  2 orc wizards (D:5)
  2 scorpion zombies (D:5)
  9 gnolls (D:5)
  2 adders
  An ufetubus (D:5)
  An adder skeleton (D:4)
  2 worms
  2 dart slugs
  10 orcs
  5 ball pythons
  5 endoplasms
  2 giant cockroaches
  11 goblins
  7 hobgoblins
  17 kobolds
  4 quokkas
  8 bats
  5 frilled lizards
  3 rats
119 creatures vanquished.

Vanquished Creatures (others)
  A white imp (D:6)
  2 plants (D:5)
3 creatures vanquished.

Grand Total: 122 creatures vanquished

Notes
Turn   | Place    | Note
-------+----------+-------------------------------------------
     0 | D:1      | bande the Gargoyle Fighter began the quest for the Orb.
     0 | D:1      | Reached XP level 1. HP: 14/14 MP: 1/1
   732 | D:1      | Reached XP level 2. HP: 19/19 MP: 2/2
   815 | D:1      | You fall into a shaft and drop 1 floor!
   823 | D:2      | Reached skill level 2 in Axes
   831 | D:2      | Reached XP level 3. HP: 17/23 MP: 3/3
  1106 | D:2      | Noticed Jessica
  1110 | D:2      | Killed Jessica
  1513 | D:1      | Reached XP level 4. HP: 28/29 MP: 4/4
  2820 | D:3      | Found a white marble altar of Elyvilon.
  3188 | D:4      | Identified the amulet of Otyfatur {RegenMP rPois rF- Str+7
                  | SInv}
  3326 | D:4      | Found a staircase to the Ecumenical Temple.
  3331 | D:4      | Noticed a scorpion
  3337 | D:4      | Killed a scorpion
  3338 | D:4      | Reached skill level 3 in Axes
  3338 | D:4      | Reached XP level 5. HP: 31/33 MP: 5/5
  3341 | Temple   | Entered the Ecumenical Temple
  3348 | Temple   | Became a worshipper of Warmaster Okawaru
  3359 | D:4      | Identified the +1 hand axe of the Traitor {freeze, Str+2}
  3787 | D:4      | Found a snail-covered altar of Cheibriados.
  3858 | D:4      | Found a large runed translucent door.
  3858 | D:4      | Found a large runed translucent door.
  3863 | D:4      | Noticed cyrus's ghost (novice NaBe)
  4050 | D:4      | Found a burning altar of Makhleb.
  4149 | D:4      | Killed cyrus's ghost
  4149 | D:4      | Reached * piety under Okawaru
  4150 | D:4      | Reached skill level 4 in Axes
  4150 | D:4      | Reached XP level 6. HP: 30/39 MP: 5/7
  4150 | D:4      | Reached XP level 7. HP: 34/44 MP: 5/8
  4239 | D:5      | Entered Level 5 of the Dungeon
  4255 | D:5      | Reached skill level 5 in Armour
  4615 | D:5      | Gained mutation: You possess an exceptional clarity of
                  | mind. [potion of mutation]
  4615 | D:5      | Gained mutation: You expend magic power (3 MP) to
                  | strengthen your wands. [potion of mutation]
  4615 | D:5      | Gained mutation: You are somewhat resistant to further
                  | mutation. [potion of mutation]
  4631 | D:5      | Reached ** piety under Okawaru
  4749 | D:5      | Reached skill level 5 in Axes
  4776 | D:5      | Reached skill level 5 in Shields
  4776 | D:5      | Reached XP level 8. HP: 38/48 MP: 10/10
  4993 | D:5      | Reached skill level 5 in Fighting
  5593 | D:5      | Found a sacrificial altar of Ru.
  6120 | D:6      | Reached *** piety under Okawaru
  6204 | D:6      | Reached skill level 6 in Axes
  6240 | D:6      | HP: 1/49 [steam dragon/ball of steam (14)]
  6242 | D:6      | Slain by a steam dragon

Illustrated notes

Levels and vault maps discovered:
D:1:      dpeg_arrival_rooms_b, layout_loops_ring, minmay_3d_cube
D:2:      layout_basic, uniq_jessica
D:3:      layout_basic, elyvilon_altar_3, kennysheep_big_empty_room,
          minivault_25
D:4:      layout_cave_pods, slow_altar_1, mainiacjoe_overflow_alcove_1,
          minmay_temple_entry_grid, ebering_ghost_disaster_area
D:5:      corexii_shantytown, layout_loops_ring,
          nicolae_ru_great_annihilating_truth
D:6:      layout_loops_ring
Temple:   nicolae_temple_no_exploring_needed

Skill      XL: |  1  2  3  4  5  6  7  8 |
---------------+-------------------------+-----
Axes           | 2 3 4 5 6 |  6.1
Armour         | 4 5 |  5.9
Fighting       | 4 5 |  5.3
Shields        | 4 5 |  5.6
Invocations    | 2 3 4 |  4.2

Action                   |  1- 3 |  4- 6 |  7- 9 || total
-------------------------+-------+-------+-------++-------
Melee: War axe           |    66 |    83 |       ||   149
       Hand axe          |       |    57 |   222 ||   279
  Use: Scroll            |     1 |     7 |     4 ||    12
       Potion            |       |     2 |     2 ||     4
 Stab: Paralysed         |       |       |     1 ||     1
Armor: Scale mail        |    29 |       |       ||    29
       Chain mail        |     9 |    86 |    96 ||   191
Dodge: Dodged            |    36 |    46 |    62 ||   144
Block: Buckler           |    19 |    44 |   124 ||   187
       Reflection        |       |     1 |     5 ||     6

Table legend: (Time is in decaauts)
 A = Elapsed time spent in this place.
 B = Non-inter-level travel time spent in this place.
 C = Inter-level travel time spent in this place.
 D = Time resting spent in this place.
 E = Time spent auto-exploring this place.
 F = Levels seen in this place.
 G = Mean time per level.
                   A        B        C        D        E       F      G
               +--------+--------+--------+--------+--------+-----+--------+
         Total |   6332 |   6246 |     86 |   1091 |   3992 |   7 |  904.6 |
       Dungeon |   6317 |   6231 |     86 |   1091 |   3992 |   6 | 1052.8 |
        Temple |     14 |     14 |      0 |      0 |      0 |   1 |   14.0 |
               +--------+--------+--------+--------+--------+-----+--------+

Top non-repeatable levels by time:
     D:5: 1886 daAuts
     D:1: 1324 daAuts
     D:2: 1077 daAuts
     D:4: 1065 daAuts
     D:3: 830 daAuts
     D:6: 135 daAuts
  Temple: 14 daAuts
